 Dungeon Crawl Stone Soup version 0.27-a0-1431-gcffa5a9b16 (webtiles) character file.

Game seed: 99050534276808577

259 dolemite99 the Twirler (level 5, 38/38 HPs)
             Began as a Demonspawn Gladiator on July 3, 2021.
             Was an Initiate of Ashenzari.
             Quit the game on level 3 of the Dungeon.
             The game lasted 00:02:58 (4382 turns).

dolemite99 the Twirler (Demonspawn Gladiator)       Turns: 4382, Time: 00:02:58

Health: 38/38      AC:  7    Str: 15    XL:     5   Next: 94%
Magic:  5/5        EV: 10    Int: 10    God:    Ashenzari [......]
Gold:   319        SH:  0    Dex: 14    Spells: 4/4 levels left

rFire    . . .     SeeInvis .   a - +0 quarterstaff
rCold    . . .     Faith    .   (shield currently unavailable)
rNeg     . . .     Spirit   .   q - +0 scale mail
rPois    .         Reflect  .   (helmet restricted)
rElec    .         Harm     .   (no cloak)
rCorr    .         Rampage  .   (no gloves)
Will     .....                  g - +0 pair of boots
Stlth    ..........             (no amulet)
HPRegen  0.12/turn              (no ring)
MPRegen  0.18/turn              (no ring)

@: no status effects
A: horns 1, magic regeneration
a: Renounce Religion


You were on level 3 of the Dungeon.
You worshipped Ashenzari.
Ashenzari was noncommittal.
You visited 1 branch of the dungeon, and saw 3 of its levels.

You collected 319 gold pieces.

Inventory:

Hand Weapons
 a - a +0 quarterstaff (weapon)
 s - a +0 trident
Missiles
 d - 5 throwing nets
 e - 132 stones
 k - 15 arrows
 n - 52 bolts
 p - 20 poisoned darts
 t - 6 silver boomerangs
Armour
 b - a +0 leather armour
 c - a +0 helmet
 g - a +0 pair of boots (worn)
 q - a +0 scale mail (worn)
Scrolls
 i - a scroll of amnesia
 j - a scroll of vulnerability
 l - a scroll of acquirement
 m - a scroll of teleportation
 o - 2 scrolls of identify {@r1}
Potions
 f - a potion of haste
 h - a potion of curing
 r - a potion of ambrosia


   Skills:
 - Level 2.0 Fighting
 + Level 6.1 Staves
 - Level 1.7 Throwing
 - Level 2.6 Dodging


You had 4 spell levels left.
You didn't know any spells.
Your spell library contained the following spells:

 Spells                   Type           Power      Damage    Failure   Level
 Animate Skeleton         Necr           0%         N/A       85%         1
 Magic Dart               Conj           0%         1d3       85%         1
 Pain                     Necr           0%         1d4       85%         1
 Sandblast                Erth           0%         2d4       85%         1
 Summon Small Mammal      Summ           0%         N/A       85%         1
 Passwall                 Tmut/Erth      0%         N/A       94%         2
 Searing Ray              Conj           0%         3d3       94%         2
 Call Canine Familiar     Summ           0%         N/A       99%         3
 Summon Guardian Golem    Hex/Summ       0%         N/A       99%         3
 Vampiric Draining        Necr           0%         2d6       99%         3
 Fulminant Prism          Conj/Hex       0%         3d6       100%        4
 Lee's Rapid Deconstruct  Erth           0%         3d5*      100%        5


Dungeon Overview and Level Annotations

Branches:
Dungeon (3/15)

Altars:
Ashenzari
Gozag


Innate Abilities, Weirdness & Mutations

You have a pair of small horns on your head.
You regenerate magic rapidly.


Message History

You see here 6 silver boomerangs.
t - 6 silver boomerangs You pick up a book of Callings and begin reading...
You add the spells Summon Small Mammal, Call Canine Familiar and Summon Guardian Golem to your library.
Things that are here:
a +0 dagger; a +0 dagger An orc comes into view.
It is wielding a +0 club.
The orc shouts!
An orc is nearby!
The orc throws a stone.
The stone closely misses you.
An orc is nearby!
You sock the orc!
You kill the orc!
No target in view!
You now have 319 gold pieces (gained 35).
e - 132 stones (gained 8)
Things that are here:
a +0 club; a +0 leather armour No target in view!
Done exploring.
No target in view!
Done exploring.
No target in view!
Done exploring.
No target in view!
Done exploring.
There is a broken altar of Ashenzari here.
You kneel at the altar of Ashenzari.
You have lost your religion!
Gozag does not appreciate desertion!
Ashenzari welcomes you!
f - a potion of haste;
h - a potion of curing;
i - a scroll of amnesia
j - a scroll of vulnerability;
l - a scroll of acquirement
m - a scroll of teleportation;
o - 2 scrolls of identify
r - a potion of ambrosia Ashenzari warns you of distant threats and treasures.
Ashenzari reveals the structure of the dungeon to you.
Ashenzari shows you where magical portals lie.
Ashenzari prevents you from stumbling into unseen traps.
Ashenzari identifies your possessions.
Unknown command.
Press < or > to pray at altars.
Done exploring.
Are you sure you want to abandon this character and quit the game? (Confirm with "yes".)

..###.#########.####..........#
#.....## #..# #..........#
)..#...### #### #..........#
##.......### ##### #..........#
####.#....###...# ############
### #.##.#..##.#.###
..###.##)......._..#######
#.....##.......#.#.......##
..#<#...........@.........##
#.#.####...................#
#...## #####...............#
###..########..............#
##.........#..............#
##..#######................#
#..## ###.....).......#####
#.## ###...............# ..#
##<..#.#........#


There were no monsters in sight!

Vanquished Creatures
  Natasha (thrice) (D:2)
  3 gnolls (D:3)
  6 adders
  A worm (D:2)
  3 dart slugs
  3 orcs (D:3)
  7 ball pythons
  4 endoplasms
  2 giant cockroaches (D:2)
  13 goblins
  5 hobgoblins
  4 jackals (D:2)
  6 quokkas
  6 bats
  9 frilled lizards
  10 kobolds
  6 rats
91 creatures vanquished.

Notes
Turn   | Place    | Note
-------+----------+-------------------------------------------
     0 | D:1      | dolemite99 the Demonspawn Gladiator began the quest for the
                  | Orb.
     0 | D:1      | Reached XP level 1. HP: 16/16 MP: 1/1
    29 | D:1      | Reached skill level 3 in Staves
   307 | D:1      | Gained mutation: You have a pair of small horns on your
                  | head. [demonic ancestry]
   307 | D:1      | Reached XP level 2. HP: 18/22 MP: 2/2
   812 | D:1      | Reached XP level 3. HP: 27/27 MP: 3/3
  1240 | D:2      | Reached skill level 4 in Staves
  1599 | D:2      | Noticed Natasha
  1604 | D:2      | Killed Natasha
  1605 | D:2      | Gained mutation: You regenerate magic rapidly. [demonic
                  | ancestry]
  1605 | D:2      | Reached XP level 4. HP: 33/33 MP: 4/4
  2011 | D:2      | Found a faded altar of an unknown god.
  2095 | D:2      | Became a worshipper of Gozag Ym Sagoz the Greedy
  2156 | D:2      | Reached skill level 5 in Staves
  2204 | D:2      | Noticed Natasha
  2210 | D:2      | Killed Natasha
  2211 | D:2      | Reached XP level 5. HP: 24/38 MP: 5/5
  2882 | D:2      | Noticed Natasha
  2890 | D:2      | Killed Natasha
  3576 | D:3      | Reached skill level 6 in Staves
  3576 | D:3      | Found a broken altar of Ashenzari.
  4379 | D:3      | Fell from the grace of Gozag
  4379 | D:3      | Became a worshipper of Ashenzari the Shackled
  4379 | D:3      | Identified a scroll of acquirement
  4382 | D:3      | Quit the game

Illustrated notes

Levels and vault maps discovered:
D:1:      giann_forest_graveyard, layout_basic
D:2:      layout_loops_ring, basic_ecumenical_altar, minmay_cupped, uniq_natasha
D:3:      layout_rooms, ashenzari_altar_1, minmay_between

Skill      XL: |  1  2  3  4  5 |
---------------+----------------+-----
Staves         | 3 4 5 6 |  6.1
Fighting       | |  2.0
Throwing       | |  1.7
Dodging        | |  2.6

Action                   |  1- 3 |  4- 6 || total
-------------------------+-------+-------++-------
Melee: Quarterstaff      |    89 |   129 ||   218
       Headbutt          |     5 |    22 ||    27
Evoke: Wand              |       |     4 ||     4
 Stab: Distracted        |       |     1 ||     1
Armor: Leather armour    |    43 |    29 ||    72
       Scale mail        |       |     8 ||     8
Dodge: Dodged            |    87 |    63 ||   150

Table legend: (Time is in decaauts)
 A = Elapsed time spent in this place.
 B = Non-inter-level travel time spent in this place.
 C = Inter-level travel time spent in this place.
 D = Time resting spent in this place.
 E = Time spent auto-exploring this place.
 F = Levels seen in this place.
 G = Mean time per level.
                   A        B        C        D        E       F      G
               +--------+--------+--------+--------+--------+-----+--------+
         Total |   4397 |   4263 |    134 |   1682 |   1866 |   3 | 1465.7 |
       Dungeon |   4397 |   4263 |    134 |   1682 |   1866 |   3 | 1465.7 |
               +--------+--------+--------+--------+--------+-----+--------+

Top non-repeatable levels by time:
     D:2: 1851 daAuts
     D:1: 1451 daAuts
     D:3: 1094 daAuts
